 Dungeon Crawl Stone Soup version 0.19.0-11-g3fc08b3 (webtiles) character file.

109 Bluestream the Cudgeler (level 4, 0/72 HPs)
             Began as an Ogre Berserker on Nov 8, 2016.
             Was a Follower of Trog.
             Succumbed to Crazy Yiuf's poison
             ... on level 2 of the Dungeon.
             The game lasted 00:02:29 (1502 turns).

Bluestream the Cudgeler (Ogre Berserker)            Turns: 1502, Time: 00:02:30

Health: 0/72       AC:  4    Str: 27    XL:     4   Next: 89%
Magic:  0/4        EV: 10    Int:  6    God:    Trog [*.....]
Gold:   91         SH:  0    Dex: 10    Spells: 0 memorised, 3 levels left

rFire  + . .     SeeInvis .     a - +0 mace
rCold  . . .     Gourm    .     b - +0 animal skin
rNeg   . . .     Faith    .     (no shield)
rPois  .         Spirit   .     (helmet restricted)
rElec  .         Reflect  .     d - +0 cloak
rCorr  .         Harm     .     (gloves unavailable)
MR     .....     Rnd*Tele +     (boots unavailable)
Stlth  ..........               (no amulet)
                                t - ring of teleportation (curse)
                                p - ring of protection from fire

@: berserking, lethally poisoned (0 -> -7), drained, very quick
A: unfitting armour, tough skin 1
a: Berserk, Burn Spellbooks, Renounce Religion


You were on level 2 of the Dungeon.
You worshipped Trog.
Trog was aware of your devotion.
You were hungry.

You visited 1 branch of the dungeon, and saw 2 of its levels.

You collected 91 gold pieces.

Inventory:

Hand Weapons
 a - a +0 mace (weapon)
 i - a +0 club
Armour
 b - a +0 animal skin (worn)
 d - a +0 cloak (worn)
 y - a +0 ring mail
Jewellery
 p - a ring of protection from fire (left hand)
 t - a cursed ring of teleportation (right hand)
 v - a +2 ring of evasion {unknown}
Wands
 n - a wand of paralysis (9/24)
Scrolls
 e - 2 scrolls of fear {unknown}
 g - 2 scrolls of identify {unknown}
 l - a scroll of enchant weapon {unknown}
 r - a scroll of magic mapping {unknown}
 x - 2 scrolls of fog {unknown}
Potions
 h - a potion of curing {unknown}
 j - a potion of degeneration {unknown}
 k - a potion of invisibility {unknown}
 m - a potion of lignification {unknown}
 o - a potion of brilliance {unknown}
 q - a potion of might {unknown}
 w - a potion of ambrosia {unknown}
Comestibles
 c - 2 bread rations
 f - a meat ration
 u - 2 beef jerkies


   Skills:
 - Level 4.1(3.6) Fighting
 + Level 6.9(6.4) Maces & Flails
 - Level 2.9(2.4) Dodging


You had 3 spell levels left.
You didn't know any spells.

Dungeon Overview and Level Annotations

Branches:
Dungeon (2/15)

Altars:

Annotations:
D:2 Crazy Yiuf


Innate Abilities, Weirdness & Mutations

You are too large for most types of armour.
You have tough skin. (AC +1)


Message History

All of the chunks of flesh in your inventory have rotted away.
A red film seems to cover your vision as you go berserk!
You feel yourself moving faster!
You feel mighty!
You are feeling hungry.
You feel sick.
Crazy Yiuf grits, "Seed return to song koolooloo!"
Crazy Yiuf hits you with a quarterstaff of chaos!
* * * LOW HITPOINT WARNING * * *
You hit Crazy Yiuf.
Crazy Yiuf is severely wounded.
You feel sick.
Crazy Yiuf hits you with a quarterstaff of chaos!
* * * LOW HITPOINT WARNING * * *
You barely miss Crazy Yiuf.
Crazy Yiuf is severely wounded.
* * * LOW HITPOINT WARNING * * *
You feel sick. Crazy Yiuf barely misses you.
You barely miss Crazy Yiuf.
Crazy Yiuf is severely wounded.
You die...

#...........##.#
#...........##.#
#...........##..
#########...####
#.......
♣♣♣♣♣##...#### ####
♣♣♣.♣.P#....#
#...#♣..♣.P......#
#..g@.♣♣♣♣.P.....####
#)..#♣♣ ♣♣P#........
#### ♣♣##.......
###..... #.....
######################
#................#
######'#########.#####
#.# #.#....


You could see Crazy Yiuf.

Vanquished Creatures
  Ijyb (D:2)
  Terence (D:2)
  2 adders (D:2)
  A worm (D:2)
  2 dart slugs (D:1)
  A leopard gecko (D:1)
  6 goblins
  2 hobgoblins (D:1)
  7 jackals
  2 bats (D:1)
  A frilled lizard (D:1)
  3 kobolds
  6 rats
35 creatures vanquished.

Notes
Turn   | Place    | Note
-------+----------+-------------------------------------------
     0 | D:1      | Bluestream the Ogre Berserker began the quest for the Orb.
     0 | D:1      | Reached XP level 1. HP: 24/24 MP: 1/1
   194 | D:1      | Reached XP level 2. HP: 32/32 MP: 2/2
   425 | D:1      | Reached skill level 5 in Maces & Flails
   513 | D:1      | Reached XP level 3. HP: 39/39 MP: 3/3
   816 | D:2      | Noticed Terence
   828 | D:2      | Killed Terence
   873 | D:2      | Reached skill level 6 in Maces & Flails
   873 | D:2      | Reached XP level 4. HP: 40/48 MP: 4/4
  1124 | D:2      | Noticed Ijyb
  1139 | D:2      | Killed Ijyb
  1483 | D:2      | Found a runed door.
  1487 | D:2      | Noticed Crazy Yiuf
  1500 | D:2      | HP: 2/72 [Crazy Yiuf/quarterstaff of chaos (8)]
  1502 | D:2      | Succumbed to Crazy Yiuf's poison

Skill      XL: |  1  2  3 |
---------------+----------+-----
Maces & Flails | 5 6 |  6.9
Fighting       | |  4.1
Dodging        | |  2.9

Action                   |  1- 3 |  4- 6 || total
-------------------------+-------+-------++-------
Melee: Mace              |    69 |    64 ||   133
Invok: Berserk           |       |     1 ||     1
 Stab: Sleeping          |     1 |       ||     1
  Eat: Chunk             |       |     2 ||     2
Armor: Animal skin       |    23 |    13 ||    36
Dodge: Dodged            |    31 |    32 ||    63
